TOP OF THE 1ST |
Niagara Falls Phantoms batting - Pitching for York Revolution : RHP Jordan Lopez
|
Pitching: RHP Jordan Lopez
|
|
Batting: RHB Todd Wolters
|
0-0: Called Strike 0-1: Foul Ball, location: 2F 0-2: Strikes out looking
|
Batting: LHB Victor Reyna
|
0-0: Ball 1-0: Ball 2-0: Called Strike 2-1: Called Strike 2-2: Strikes out swinging
|
Batting: RHB Jose Villanueva
|
0-0: Ball 1-0: Swinging Strike 1-1: Foul Ball, location: 2F 1-2: Ball 2-2: Ball 3-2: Strikes out swinging
|
Top of the 1st over - 0 runs, 0 hits, 0 errors, 0 left on base; Niagara Falls 0 - York 0 |
BOTTOM OF THE 1ST |
York Revolution batting - Pitching for Niagara Falls Phantoms : LHP Daniel Fagan
|
Pitching: LHP Daniel Fagan
|
|
Batting: RHB Eddie Serna
|
0-0: Foul Ball, location: 2F 0-1: SINGLE (Line Drive, 34D, EV 97.5 MPH)
|
Batting: LHB Dennis French
|
0-0: Ball 1-0: Ball 2-0: Called Strike 2-1: Called Strike 2-2: Ball 3-2: SINGLE (Groundball, 6MD, EV 107.5 MPH) Eddie Serna to second Runner from 2nd tries for 3rd, SAFE, throw by CF made to third
|
Batting: LHB Mike Hawk
|
0-0: Ball 1-0: Foul Ball, location: 2F 1-1: Grounds into double play, 4-6-3 (Groundball, 4, EV 88.1 MPH) Eddie Serna scores
|
Batting: LHB Jean-Claude Vanbiesbrouck
|
0-0: Ball 1-0: Called Strike 1-1: Foul Ball, location: 2F 1-2: Ball 2-2: Foul Ball, location: 2F 2-2: Ball 3-2: Foul Ball, location: 2F 3-2: Fly out, F7 (Flyball, 7, EV 92.5 MPH)
|
Bottom of the 1st over - 1 run, 2 hits, 0 errors, 0 left on base; Niagara Falls 0 - York 1 |
TOP OF THE 2ND |
Niagara Falls Phantoms batting - Pitching for York Revolution : RHP Jordan Lopez
|
Batting: RHB Jonathan Feldstein
|
0-0: Called Strike 0-1: Swinging Strike 0-2: Ball 1-2: Ball 2-2: Ball 3-2: Base on Balls
|
Batting: RHB Bailey Hays
|
0-0: Called Strike 0-1: Ball 1-1: Called Strike 1-2: Ball 2-2: Ball 3-2: Strikes out looking
|
Batting: RHB Brian Biordi
|
0-0: Ball 1-0: Called Strike 1-1: Ball 2-1: Ground out 4-3 (Groundball, 34S, EV 90.6 MPH) Jonathan Feldstein to second
|
Batting: LHB Rip Log
|
0-0: Ball 1-0: Called Strike 1-1: Ball 2-1: Called Strike 2-2: Strikes out looking
|
Top of the 2nd over - 0 runs, 0 hits, 0 errors, 1 left on base; Niagara Falls 0 - York 1 |
BOTTOM OF THE 2ND |
York Revolution batting - Pitching for Niagara Falls Phantoms : LHP Daniel Fagan
|
Batting: LHB Jason Duda
|
0-0: Ball 1-0: Ball 2-0: Swinging Strike 2-1: Swinging Strike 2-2: Ball 3-2: Foul Ball, location: 2F 3-2: Base on Balls
|
Batting: RHB Dan Shaffer
|
0-0: Ball 1-0: Swinging Strike 1-1: Ball 2-1: Swinging Strike 2-2: Foul Ball, location: 2F 2-2: Strikes out swinging
|
Batting: LHB Quincy Smart
|
0-0: Ball 1-0: Fly out, F7 (Flyball, 78M, EV 78.8 MPH)
|
Batting: RHB Jose Hurtado
|
0-0: Fielders Choice at 2nd, 6-4 (Groundball, 6, EV 98.8 MPH)
|
Bottom of the 2nd over - 0 runs, 0 hits, 0 errors, 1 left on base; Niagara Falls 0 - York 1 |
TOP OF THE 3RD |
Niagara Falls Phantoms batting - Pitching for York Revolution : RHP Jordan Lopez
|
Batting: LHB Dave Ortiz
|
0-0: Ball 1-0: Ball 2-0: Ball 3-0: Base on Balls
|
Batting: RHB Juan Perez
|
0-0: Called Strike 0-1: Ball 1-1: Swinging Strike 1-2: Foul Ball, location: 2F 1-2: Foul Ball, location: 2F 1-2: Foul Ball, location: 2F 1-2: SINGLE (Line Drive, 56, EV 97.5 MPH) Dave Ortiz to second
|
Batting: RHB Todd Wolters
|
0-0: Ball 1-0: Grounds into double play, 6-4-3 (Groundball, 6, EV 95.0 MPH) Dave Ortiz to third
|
Batting: LHB Victor Reyna
|
0-0: Foul Ball, location: 2F 0-1: Swinging Strike 0-2: Strikes out swinging
|
Top of the 3rd over - 0 runs, 1 hit, 0 errors, 1 left on base; Niagara Falls 0 - York 1 |
BOTTOM OF THE 3RD |
York Revolution batting - Pitching for Niagara Falls Phantoms : LHP Daniel Fagan
|
Batting: RHB Juan Gonzalez
|
0-0: Ball 1-0: Called Strike 1-1: Called Strike 1-2: Strikes out swinging
|
Batting: RHB Eddie Serna
|
0-0: Ball 1-0: SOLO HOME RUN (Flyball, 78XD, EV 98.8 MPH), Distance : 385 ft
|
Batting: LHB Dennis French
|
0-0: Fly out, F7 (Flyball, 78D, EV 91.9 MPH)
|
Batting: LHB Mike Hawk
|
0-0: Ball 1-0: Ball 2-0: Ball 3-0: Base on Balls
|
Batting: LHB Jean-Claude Vanbiesbrouck
|
0-0: Called Strike 0-1: Ball 1-1: Ball 2-1: Swinging Strike 2-2: Strikes out swinging
|
Bottom of the 3rd over - 1 run, 1 hit, 0 errors, 1 left on base; Niagara Falls 0 - York 2 |
TOP OF THE 4TH |
Niagara Falls Phantoms batting - Pitching for York Revolution : RHP Jordan Lopez
|
Batting: RHB Jose Villanueva
|
0-0: Ball 1-0: Ball 2-0: Ball 3-0: Base on Balls
|
Batting: RHB Jonathan Feldstein
|
0-0: Called Strike 0-1: Foul Ball, location: 2F 0-2: Strikes out swinging
|
Batting: RHB Bailey Hays
|
0-0: Ball 1-0: Ball 2-0: Ball 3-0: Called Strike 3-1: Foul Ball, location: 2F 3-2: Strikes out swinging
|
Batting: RHB Brian Biordi
|
0-0: Swinging Strike 0-1: Swinging Strike 0-2: Ball 1-2: Ball 2-2: Strikes out swinging
|
Top of the 4th over - 0 runs, 0 hits, 0 errors, 1 left on base; Niagara Falls 0 - York 2 |
BOTTOM OF THE 4TH |
York Revolution batting - Pitching for Niagara Falls Phantoms : LHP Daniel Fagan
|
Batting: LHB Jason Duda
|
0-0: Ball 1-0: Ball 2-0: Called Strike 2-1: SOLO HOME RUN (Flyball, 89XD, EV 104.4 MPH), Distance : 418 ft
|
Batting: RHB Dan Shaffer
|
0-0: Ball 1-0: Called Strike 1-1: Swinging Strike 1-2: Ball 2-2: Foul Ball, location: 2F 2-2: Fly out, F4 (Popup, 34D, EV 48.1 MPH)
|
Batting: LHB Quincy Smart
|
0-0: Called Strike 0-1: Foul Ball, location: 2F 0-2: Ball 1-2: Strikes out swinging
|
Batting: RHB Jose Hurtado
|
0-0: Swinging Strike 0-1: Called Strike 0-2: Ball 1-2: Ground out 5-3 (Groundball, 56, EV 95.6 MPH)
|
Bottom of the 4th over - 1 run, 1 hit, 0 errors, 0 left on base; Niagara Falls 0 - York 3 |
TOP OF THE 5TH |
Niagara Falls Phantoms batting - Pitching for York Revolution : RHP Jordan Lopez
|
Batting: LHB Rip Log
|
0-0: SINGLE (Line Drive, 78S, EV 91.9 MPH)
|
Batting: LHB Dave Ortiz
|
0-0: Called Strike 0-1: SINGLE (Flyball, 7S, EV 90.6 MPH) Rip Log to second
|
Batting: RHB Juan Perez
|
0-0: Ball 1-0: Fly out, F9 (Flyball, 9S, EV 93.8 MPH)
|
Batting: RHB Todd Wolters
|
0-0: Ball 1-0: Swinging Strike 1-1: Swinging Strike 1-2: Strikes out swinging
|
Batting: LHB Victor Reyna
|
0-0: Ball 1-0: Called Strike 1-1: Called Strike 1-2: Foul Ball, location: 2F 1-2: Ball 2-2: SINGLE (Line Drive, 9S, EV 100.6 MPH) Rip Log to third Dave Ortiz to second
|
Pitching: LHP Josh Schmidt
|
|
Batting: RHB Jose Villanueva
|
0-0: Called Strike 0-1: Swinging Strike 0-2: Ball 1-2: Ball 2-2: Ball 3-2: Base on Balls Rip Log scores Dave Ortiz to third Victor Reyna to second
|
Batting: RHB Jonathan Feldstein
|
0-0: Ball 1-0: Ball 2-0: Ball 3-0: Foul Ball, location: 2F 3-1: Base on Balls Dave Ortiz scores Victor Reyna to third Jose Villanueva to second
|
Pinch Hitting: RHB Ben Underwood
|
0-0: Foul Ball, location: 2F 0-1: Foul Ball, location: 2F 0-2: Ball 1-2: Fly out, F8 (Flyball, 89S, EV 94.4 MPH)
|
Top of the 5th over - 2 runs, 3 hits, 0 errors, 3 left on base; Niagara Falls 2 - York 3 |
BOTTOM OF THE 5TH |
York Revolution batting - Pitching for Niagara Falls Phantoms : LHP Daniel Fagan
|
Now in LF: Luis Ponce
|
|
Batting: RHB Juan Gonzalez
|
0-0: Ball 1-0: Fly out, F7 (Line Drive, 8LM, EV 93.8 MPH)
|
Batting: RHB Eddie Serna
|
0-0: Called Strike 0-1: Ball 1-1: Ball 2-1: Foul Ball, location: 2F 2-2: Foul Ball, location: 2F 2-2: SINGLE (Groundball, 6M, EV 101.9 MPH)
|
Batting: LHB Dennis French
|
0-0: Called Strike Eddie Serna is caught stealing 2nd base 2-6 0-1: Called Strike 0-2: Ball 1-2: Foul Ball, location: 2F 1-2: Foul Ball, location: 2F 1-2: Ball 2-2: Ball 3-2: Foul Ball, location: 2F 3-2: Foul Ball, location: 2F 3-2: Foul Ball, location: 2F 3-2: Foul Ball, location: 2F 3-2: Base on Balls
|
Batting: LHB Mike Hawk
|
0-0: Ball 1-0: Swinging Strike 1-1: SINGLE (Groundball, 34D, EV 100.0 MPH) Dennis French to second Runner from 2nd tries for 3rd, SAFE, throw by RF made to third
|
Batting: LHB Jean-Claude Vanbiesbrouck
|
0-0: Ball 1-0: Ball 2-0: Called Strike 2-1: Foul Ball, location: 2F 2-2: Ball 3-2: Base on Balls Mike Hawk to second
|
Batting: LHB Jason Duda
|
0-0: Ball 1-0: Foul Ball, location: 2F 1-1: Called Strike 1-2: Foul Ball, location: 2F 1-2: Foul Ball, location: 2F 1-2: Ball 2-2: Ball 3-2: Base on Balls Dennis French scores Mike Hawk to third Jean-Claude Vanbiesbrouck to second
|
Pitching: RHP Tony Lupercio
|
|
Batting: RHB Dan Shaffer
|
0-0: Foul Ball, location: 2F 0-1: Ball 1-1: Foul Ball, location: 2F 1-2: Strikes out swinging
|
Bottom of the 5th over - 1 run, 2 hits, 0 errors, 3 left on base; Niagara Falls 2 - York 4 |
TOP OF THE 6TH |
Niagara Falls Phantoms batting - Pitching for York Revolution : LHP Josh Schmidt
|
Batting: RHB Brian Biordi
|
0-0: Ball 1-0: Called Strike 1-1: Ground out 5-3 (Groundball, 5S, EV 63.1 MPH)
|
Pinch Hitting: RHB Scott Cuff
|
0-0: Called Strike 0-1: Ball 1-1: Ball 2-1: Swinging Strike 2-2: Ground out 4-3 (Groundball, 4S, EV 89.4 MPH)
|
Batting: LHB Dave Ortiz
|
0-0: Ball 1-0: Fly out, F9 (Flyball, 89M, EV 82.5 MPH)
|
Top of the 6th over - 0 runs, 0 hits, 0 errors, 0 left on base; Niagara Falls 2 - York 4 |
BOTTOM OF THE 6TH |
York Revolution batting - Pitching for Niagara Falls Phantoms : RHP Tony Lupercio
|
Now in RF: Scott Cuff
|
|
Batting: LHB Quincy Smart
|
0-0: Fly out, F8 (Flyball, 8RM, EV 80.6 MPH)
|
Batting: RHB Jose Hurtado
|
0-0: Fly out, F9 (Flyball, 89D, EV 86.2 MPH)
|
Batting: RHB Juan Gonzalez
|
0-0: Swinging Strike 0-1: Foul Ball, location: 2F 0-2: Strikes out swinging, 2-3 out at first.
|
Bottom of the 6th over - 0 runs, 0 hits, 0 errors, 0 left on base; Niagara Falls 2 - York 4 |
TOP OF THE 7TH |
Niagara Falls Phantoms batting - Pitching for York Revolution : LHP Josh Schmidt
|
Batting: RHB Juan Perez
|
0-0: Called Strike 0-1: Foul Ball, location: 2F 0-2: Ground out 1-3 (Groundball, 15, EV 71.9 MPH)
|
Batting: RHB Todd Wolters
|
0-0: Called Strike 0-1: Ground out 5-3 (Groundball, 56, EV 104.4 MPH)
|
Batting: LHB Victor Reyna
|
0-0: Ball 1-0: Called Strike 1-1: Swinging Strike 1-2: Ball 2-2: Strikes out swinging
|
Top of the 7th over - 0 runs, 0 hits, 0 errors, 0 left on base; Niagara Falls 2 - York 4 |
BOTTOM OF THE 7TH |
York Revolution batting - Pitching for Niagara Falls Phantoms : RHP Tony Lupercio
|
Batting: RHB Eddie Serna
|
0-0: Called Strike 0-1: Ball 1-1: Ball 2-1: Foul Ball, location: 2F 2-2: Foul Ball, location: 2F 2-2: Foul Ball, location: 2F 2-2: Hit by Pitch
|
Batting: LHB Dennis French
|
0-0: Ball 1-0: Ball 2-0: Called Strike 2-1: Foul Ball, location: 2F 2-2: Strikes out swinging
|
Batting: LHB Mike Hawk
|
0-0: Ball 1-0: DOUBLE (Line Drive, 78M, EV 94.4 MPH) Eddie Serna to third Runner from 3rd tries for Home, throw by CF and OUT! 8-6-2 Mike Hawk to third
|
Batting: LHB Jean-Claude Vanbiesbrouck
|
0-0: Ball 1-0: Called Strike 1-1: Swinging Strike 1-2: Ball 2-2: Ball 3-2: Foul Ball, location: 2F 3-2: Strikes out looking
|
Bottom of the 7th over - 0 runs, 1 hit, 0 errors, 1 left on base; Niagara Falls 2 - York 4 |
TOP OF THE 8TH |
Niagara Falls Phantoms batting - Pitching for York Revolution : LHP Josh Schmidt
|
Batting: RHB Jose Villanueva
|
0-0: SINGLE (Flyball, 7LS, EV 95.0 MPH)
|
Batting: RHB Jonathan Feldstein
|
0-0: Called Strike 0-1: Foul Ball, location: 2F 0-2: Foul Ball, location: 2F 0-2: Ball 1-2: Foul Ball, location: 2F 1-2: Strikes out swinging
|
Batting: LHB Luis Ponce
|
0-0: Foul Ball, location: 2F 0-1: Ball 1-1: Ball 2-1: Ball 3-1: Base on Balls Jose Villanueva to second
|
Pitching: LHP Chad Torres
|
|
Batting: RHB Brian Biordi
|
0-0: Ball 1-0: Ball 2-0: Fly out, F7 (Flyball, 7, EV 92.5 MPH)
|
Batting: RHB Scott Cuff
|
0-0: Ball 1-0: Swinging Strike 1-1: Foul Ball, location: 2F 1-2: Foul Ball, location: 2F 1-2: Ball 2-2: Ball 3-2: Foul Ball, location: 2F 3-2: Foul Ball, location: 2F 3-2: TRIPLE (Flyball, 89XD, EV 100.0 MPH) Jose Villanueva scores Luis Ponce scores
|
Batting: LHB Dave Ortiz
|
0-0: Ball 1-0: Ball 2-0: Ball 3-0: Called Strike 3-1: Base on Balls
|
Pinch Hitting: RHB Jim O'Dwyer
|
0-0: Foul Ball, location: 2F 0-1: Ball 1-1: Called Strike 1-2: Ball 2-2: Strikes out swinging
|
Top of the 8th over - 2 runs, 2 hits, 0 errors, 2 left on base; Niagara Falls 4 - York 4 |
BOTTOM OF THE 8TH |
York Revolution batting - Pitching for Niagara Falls Phantoms : RHP Tony Lupercio
|
Pitching: LHP Jordan Cane
|
|
Now at 2B: Hui Li
|
|
Batting: LHB Jason Duda
|
0-0: Ball 1-0: Called Strike 1-1: Swinging Strike 1-2: Strikes out swinging
|
Batting: RHB Dan Shaffer
|
0-0: Ball 1-0: Swinging Strike 1-1: Foul Ball, location: 2F 1-2: Ball 2-2: Strikes out swinging
|
Pinch Hitting: RHB Teh-huai Jiang
|
0-0: Foul Ball, location: 2F 0-1: Ball 1-1: Ball 2-1: Foul Ball, location: 2F 2-2: Foul Ball, location: 2F 2-2: Foul Ball, location: 2F 2-2: Fly out, F8 (Line Drive, 78D, EV 86.9 MPH)
|
Bottom of the 8th over - 0 runs, 0 hits, 0 errors, 0 left on base; Niagara Falls 4 - York 4 |
TOP OF THE 9TH |
Niagara Falls Phantoms batting - Pitching for York Revolution : LHP Chad Torres
|
Now at 2B: Bryant Dill
|
|
Batting: RHB Todd Wolters
|
0-0: Fly out, F3 (Line Drive, 3L, EV 63.1 MPH)
|
Batting: LHB Victor Reyna
|
0-0: Ball 1-0: Called Strike 1-1: Called Strike 1-2: Strikes out swinging
|
Batting: RHB Jose Villanueva
|
0-0: Called Strike 0-1: Ground out 5-3 (Groundball, 56S, EV 85.0 MPH)
|
Top of the 9th over - 0 runs, 0 hits, 0 errors, 0 left on base; Niagara Falls 4 - York 4 |
BOTTOM OF THE 9TH |
York Revolution batting - Pitching for Niagara Falls Phantoms : LHP Jordan Cane
|
Pinch Hitting: LHB Ryan Young
|
0-0: Ball 1-0: Ball 2-0: SINGLE (Line Drive, 89M, EV 91.9 MPH)
|
Batting: SHB Sam Fredrick
|
0-0: Ball 1-0: Called Strike 1-1: Ball 2-1: Foul Ball, location: 2F 2-2: Strikes out looking
|
Batting: RHB Eddie Serna
|
0-0: Fly out, F7 (Line Drive, 7, EV 102.5 MPH)
|
Pinch Hitting: RHB Nick Maxwell
|
0-0: Foul Ball, location: 2F 0-1: Swinging Strike 0-2: Ball Wild Pitch! Ryan Young to second 1-2: Hit by Pitch
|
Pitching: RHP Lucas Uil
|
|
Pinch Hitting: RHB Frank Ramirez
|
0-0: Ball 1-0: Foul Ball, location: 2F 1-1: Called Strike 1-2: Fly out, F3 (Popup, 23F, EV 75.6 MPH)
|
Bottom of the 9th over - 0 runs, 1 hit, 0 errors, 2 left on base; Niagara Falls 4 - York 4 |
TOP OF THE 10TH |
Niagara Falls Phantoms batting - Pitching for York Revolution : LHP Chad Torres
|
Now at 3B: Mike Ryan
|
|
Now in CF: Frank Ramirez
|
|
Now in RF: Steve Kirby
|
|
Batting: RHB Jonathan Feldstein
|
0-0: Ball 1-0: Fly out, F4 (Popup, 4, EV 50.0 MPH)
|
Batting: LHB Luis Ponce
|
0-0: Ball 1-0: Ball 2-0: Ball 3-0: Swinging Strike 3-1: Base on Balls
|
Batting: RHB Brian Biordi
|
0-0: Fly out, F8 (Flyball, 8RD, EV 98.8 MPH) Runner from 1st tags up, SAFE at 2nd
|
Batting: RHB Scott Cuff
|
0-0: Intentional Walk
|
Pitching: RHP John Kerfoot
|
|
Batting: LHB Dave Ortiz
|
0-0: Fly out, F8 (Flyball, 8RD, EV 105.6 MPH)
|
Top of the 10th over - 0 runs, 0 hits, 0 errors, 2 left on base; Niagara Falls 4 - York 4 |
BOTTOM OF THE 10TH |
York Revolution batting - Pitching for Niagara Falls Phantoms : RHP Lucas Uil
|
Batting: LHB Jean-Claude Vanbiesbrouck
|
0-0: Ball 1-0: Ball 2-0: Ball 3-0: Base on Balls
|
Batting: LHB Jason Duda
|
0-0: Ball 1-0: Foul Ball, location: 2F 1-1: Ball 2-1: Ball Jean-Claude Vanbiesbrouck steals 2nd base 3-1: Intentional Walk
|
Pinch Hitting: LHB Jessie Whedbee
|
0-0: Called Strike 0-1: Ball 1-1: Called Strike 1-2: Strikes out looking
|
Batting: LHB Bryant Dill
|
0-0: Foul Ball, location: 2F 0-1: Foul Ball, location: 2F 0-2: Ball 1-2: Ball 2-2: SINGLE (Groundball, 25, EV 65.6 MPH) (infield hit) Jean-Claude Vanbiesbrouck to third Jason Duda to second
|
Pinch Runner at 1st Dan Doggett:
|
|
Batting: RHB Steve Kirby
|
0-0: Called Strike 0-1: Called Strike 0-2: Strikes out looking
|
Batting: SHB Sam Fredrick
|
0-0: Ball 1-0: Foul Ball, location: 2F 1-1: Called Strike 1-2: SINGLE (Groundball, 4D, EV 109.4 MPH) Jean-Claude Vanbiesbrouck scores
|
Bottom of the 10th over - 1 run, 2 hits, 0 errors, 2 left on base; Niagara Falls 4 - York 5 |
|